 Seeded DCSS version 0.31.0-32-g396128a36d (webtiles) character file.

Game seed: 4073344203867303942 (custom seed)

284 firemarshallily the Conjurer (level 6, -14/41 HPs)
             Began as an Octopode Conjurer on Mar 10, 2024.
             Demolished by a gnoll sergeant
             ... wielding a +0 trident
              (18 damage)
             ... on level 4 of the Dungeon.
             The game lasted 00:06:54 (3514 turns).

firemarshallily the Conjurer (Octopode Conjurer)    Turns: 3514, Time: 00:06:56

Health: -14/41     AC:  1    Str:  6    XL:     6   Next: 29%
Magic:  13/21      EV: 14    Int: 26    God:
Gold:   153        SH:  0    Dex: 13    Spells: 3/13 levels left

rFire   . . .        f - +2 short sword (flame)
rCold   . . .        (no shield)
rNeg    . . .        (helmet restricted)
rPois   .            (no amulet)
rElec   .            m - +6 ring of intelligence
rCorr   .            o - ring of magical power
SInv    +            (no ring)
Will    .....        (no ring)
Stlth   +++          (no ring)
HPRegen 0.26/turn    (no ring)
MPRegen 0.17/turn    (no ring)
                     (no ring)

%: no passive effects
@: no status effects
A: almost no armour, amphibious, 8 rings, camouflage 1, gelatinous body 1,
(nimble swimmer 1), tentacles
a: no special abilities


You were on level 4 of the Dungeon.
You visited 1 branch of the dungeon, and saw 4 of its levels.

You collected 153 gold pieces.

Inventory:

Hand Weapons
 f - a +2 short sword of flaming (weapon)
Missiles
 d - 4 poisoned darts
Armour
 n - a +0 buckler
Jewellery
 m - a +6 ring of intelligence (left tentacle)
 o - a ring of magical power (right tentacle)
Scrolls
 g - 2 scrolls of butterflies
 j - a scroll of poison
 l - 3 scrolls of immolation
Potions
 a - 2 potions of magic
 i - 2 potions of attraction {unknown}
 k - a potion of cancellation {unknown}


   Skills:
 + Level 2.4 Fighting
 + Level 3.2 Dodging
 - Level 2.6 Stealth
 * Level 4.0 Spellcasting
 + Level 4.8 Conjurations


You had 3 spell levels left.
You knew the following spells:

 Your Spells              Type           Power      Damage    Failure   Level
a - Magic Dart            Conj           100%       1d8       1%          1
b - Searing Ray           Conj           60%        2d6       1%          2
c - Fulminant Prism       Conj/Alch      8%         3d6       30%         4
d - Hailstorm             Conj/Ice       17%        3d6       10%         3

Your spell library contained the following spells:

 Spells                   Type           Power      Damage    Failure   Level
 Freeze                   Ice            20%        1d4       9%          1
 Frozen Ramparts          Ice            10%        1d2       26%         3
 Iskenderun's Mystic Bla  Conj/Tloc      17%        2d5       30%         4


Dungeon Overview and Level Annotations

Branches:
Dungeon (4/15)
 Temple: D:4-7

Altars:
Ashenzari
Nemelex Xobeh
Wu Jian

Annotations:
D:2 1 runed translucent door, Crazy Yiuf


Innate Abilities, Weirdness & Mutations

You cannot wear most types of armour.
You are amphibious.
You can wear up to eight rings at the same time.
Your skin changes colour to match your surroundings (Stealth+).
Your rubbery body absorbs attacks. (AC +1, EV +1)
((You are camouflaged when in or above water. (Stealth+)))
You have tentacles for arms and can constrict up to eight enemies at once.


Message History

The kobold throws a stone.
The stone hits your fulminant prism.
Your fulminant prism crackles loudly.
The searing ray hits the gnoll sergeant.
The gnoll sergeant is lightly wounded.
The kobold hits your fulminant prism with a +0 dagger.
The gnoll sergeant hits you from afar with a +0 trident!
A ribbon worm comes into view.
Your fulminant prism explodes!
The blast of energy engulfs the gnoll sergeant.
The gnoll sergeant is moderately wounded.
The blast of energy engulfs the kobold!!
You kill the kobold!
The blast of energy engulfs the ribbon worm!
The ribbon worm is severely wounded.
You hear a bark!
The searing ray hits the gnoll sergeant.
The gnoll sergeant is moderately wounded.
The searing ray hits the ribbon worm.
You kill the ribbon worm!
The gnoll sergeant completely misses you.
The searing ray hits the gnoll sergeant.
The gnoll sergeant is moderately wounded.
You finish channelling your searing ray.
The gnoll sergeant hits you from afar with a +0 trident!
As you read the scroll labelled YTUF VETOYJA, it crumbles to dust.
It is a scroll of brand weapon.
Okay, then.
The gnoll sergeant hits you from afar with a +0 trident.
As you read the scroll labelled CUCVURYAREI, it crumbles to dust.
You hear a loud clanging noise!
It was a scroll of noise.
The endoplasm closely misses you.
The gnoll sergeant hits you from afar with a +0 trident!
* * * LOW HITPOINT WARNING * * *
As you read the scroll labelled JANEWE BOATO, it crumbles to dust.
You feel aware of your surroundings.
It was a scroll of revelation.
A scorpion comes into view.
The endoplasm hits you.
* * * LOW HITPOINT WARNING * * *
The gnoll sergeant hits you from afar with a +0 trident!!
You die...

**##.#.......#*,** *****,,
##..>.........###### **,***,,
##....##)####..#####**,,,,,,,
#..........###..####*,,,,,,,,
#####...######.###.######.,,,,,,*
#.......#§§§≈#.###.#####..,,,,,,,
######..#§§§≈#..##.#.....,,****,,
#.......#§§§≈#..##.....#*,,* **,,
#.####..#≈≈≈≈#.J@.....##,,#***,,,
*** ##.##''##.......###...,,,,,,
#........###g.^......,,,,,*
##....#######.$.....#****,,
#..#########.?......** *,,
*#..#########........,***,,
*#...s#######......#..,,*,,*
#......#####........#.,,,,**
###.....*,,,..........,,*,*


You could see a gnoll sergeant, a scorpion (wandering) and an endoplasm.

Vanquished Creatures
  2 orc priests (D:3)
  An iguana (D:4)
  2 orc wizards (D:4)
  3 adders
  3 gnolls
  4 ribbon worms
  12 orcs
  4 ball pythons (D:1)
  7 endoplasms
  2 giant cockroaches
  4 goblins
  8 hobgoblins
  A quokka (D:3)
  6 bats
  2 frilled lizards
  6 kobolds
  6 rats
73 creatures vanquished.

Vanquished Creatures (others)
  A fulminant prism (D:4)
1 creature vanquished.

Grand Total: 74 creatures vanquished

Notes
Turn   | Place    | Note
-------+----------+-------------------------------------------
     0 | D:1      | firemarshallily the Octopode Conjurer began the quest for
                  | the Orb.
     0 | D:1      | Reached XP level 1. HP: 11/11 MP: 3/3
   124 | D:1      | Reached XP level 2. HP: 18/18 MP: 0/5
   174 | D:1      | Learned a level 2 spell: Searing Ray
   839 | D:2      | Reached XP level 3. HP: 18/22 MP: 1/6
   922 | D:2      | Reached skill level 1 in Fighting
  1006 | D:2      | Reached XP level 4. HP: 6/28 MP: 0/8
  1934 | D:2      | Found a runed translucent door.
  1935 | D:2      | Noticed Crazy Yiuf
  2056 | D:3      | Found a sparkling altar of Nemelex Xobeh.
  2346 | D:3      | Reached XP level 5. HP: 34/34 MP: 1/10
  2462 | D:3      | Found a faded altar of an unknown god.
  2506 | D:3      | Found a broken altar of Ashenzari.
  2735 | D:3      | Learned a level 4 spell: Fulminant Prism
  2739 | D:3      | Learned a level 3 spell: Hailstorm
  3320 | D:4      | Reached XP level 6. HP: 26/39 MP: 11/11
  3491 | D:4      | Found an ornate altar of the Wu Jian Council.
  3514 | D:4      | Demolished by a gnoll sergeant

Illustrated notes

Levels and vault maps discovered:
D:1:      saegor_arrival_simple_a, layout_loops_ring
D:2:      layout_rooms, nicolae_elevator_lobby_asterisk, uniq_crazy_yiuf_cottage
D:3:      layout_basic, lemuel_coloured_pillars_altar,
          mainiacjoe_overflow_brackets, ebering_ecumenical_altar_box,
          minmay_between
D:4:      layout_layer_cave, general_overflow_altar, gammafunk_ghost_smash,
          serial_bayou_lagoon_a, minmay_manual_monolith

Skill      XL: |  1  2  3  4  5  6 |
---------------+-------------------+-----
Fighting       | 1 2 |  2.4
Spellcasting   | 3 4 |  4.0
Dodging        | 3 |  3.2
Stealth        | |  2.6
Conjurations   | |  4.8

Action                     |  1- 3 |  4- 6 || total
---------------------------+-------+-------++-------
  Melee: Unarmed           |     2 |       ||     2
         Tentacles         |     2 |     3 ||     5
         Short sword       |     6 |    10 ||    16
         Constrict         |     1 |     2 ||     3
         Punch             |     1 |       ||     1
   Cast: Magic Dart        |    33 |    95 ||   128
         Searing Ray       |     1 |     7 ||     8
         Fulminant Prism   |       |     1 ||     1
    Use: Scroll            |       |     6 ||     6
   Stab: Sleeping          |       |     1 ||     1
 Armour: Skin              |    10 |    17 ||    27
  Dodge: Dodged            |    11 |    14 ||    25
